| TOP OF THE 1ST |
|
Erie SeaWolves batting - Pitching for Birmingham Barons : RHP Dave Espinoza
|
|
Pitching: RHP Dave Espinoza
|
|
|
Batting: RHB Brandon O'Malley
|
0-0: Ball 1-0: Foul Ball, location: 2F 1-1: Ball 2-1: Called Strike 2-2: Foul Ball, location: 2F 2-2: Ground out 1-3 (Groundball, 34S, EV 69.4 MPH)
|
|
Batting: RHB Eric Angelle
|
0-0: Called Strike 0-1: Ball 1-1: Ball 2-1: SINGLE (Groundball, 4MD, EV 107.5 MPH)
|
|
Batting: RHB John Evancho
|
0-0: Ball 1-0: Foul Ball, location: 2F 1-1: Ball Eric Angelle steals 2nd base 2-1: Ball 3-1: Foul Ball, location: 2F 3-2: Foul Ball, location: 2F 3-2: Fly out, F7 (Flyball, 78M, EV 90.0 MPH)
|
|
Batting: RHB Steve Clark
|
0-0: Called Strike 0-1: Ball 1-1: Called Strike 1-2: Fly out, F7 (Line Drive, 7, EV 107.5 MPH)
|
| Top of the 1st over - 0 runs, 1 hit, 0 errors, 1 left on base; Erie 0 - Birmingham 0 |
| BOTTOM OF THE 1ST |
|
Birmingham Barons batting - Pitching for Erie SeaWolves : LHP Ben Saunders
|
|
Pitching: LHP Ben Saunders
|
|
|
Batting: RHB Jeremy Hoffert
|
0-0: Ball 1-0: Called Strike 1-1: Called Strike 1-2: Ball 2-2: Foul Ball, location: 2F 2-2: Foul Ball, location: 2F 2-2: Fly out, F8 (Line Drive, 8LM, EV 86.9 MPH)
|
|
Batting: LHB Brandon Hopper
|
0-0: Ball 1-0: Ball 2-0: Foul Ball, location: 2F 2-1: Called Strike 2-2: Strikes out swinging
|
|
Batting: RHB Guillermo Mojica
|
0-0: Ball 1-0: Ground out 1-3 (Groundball, 15S, EV 66.9 MPH)
|
| Bottom of the 1st over - 0 runs, 0 hits, 0 errors, 0 left on base; Erie 0 - Birmingham 0 |
| TOP OF THE 2ND |
|
Erie SeaWolves batting - Pitching for Birmingham Barons : RHP Dave Espinoza
|
|
Batting: RHB Adam MacConnell
|
0-0: Ball 1-0: Ground out 5-3 (Groundball, 56, EV 101.9 MPH)
|
|
Batting: RHB Carlos Armenteros
|
0-0: Ball 1-0: SINGLE (Groundball, 4M, EV 101.9 MPH)
|
|
Batting: SHB Sean Foley
|
0-0: Ball 1-0: Called Strike 1-1: Fly out, F8 (Flyball, 89D, EV 100.6 MPH)
|
|
Batting: RHB Tanner Purchase
|
0-0: Ball 1-0: Called Strike Carlos Armenteros steals 2nd base 1-1: Foul Ball, location: 2F 1-2: Ball 2-2: Foul Ball, location: 2F 2-2: Fly out, F7 (Flyball, 7, EV 80.0 MPH)
|
| Top of the 2nd over - 0 runs, 1 hit, 0 errors, 1 left on base; Erie 0 - Birmingham 0 |
| BOTTOM OF THE 2ND |
|
Birmingham Barons batting - Pitching for Erie SeaWolves : LHP Ben Saunders
|
|
Batting: LHB Ryan Dyal
|
0-0: Ball 1-0: Foul Ball, location: 2F 1-1: Called Strike 1-2: Strikes out swinging
|
|
Batting: LHB Carlos Ramirez
|
0-0: Foul Ball, location: 2F 0-1: Called Strike 0-2: Ball 1-2: Strikes out swinging
|
|
Batting: RHB Toichiro Fujimoto
|
0-0: Ground out 4-3 (Groundball, 4M, EV 97.5 MPH)
|
| Bottom of the 2nd over - 0 runs, 0 hits, 0 errors, 0 left on base; Erie 0 - Birmingham 0 |
| TOP OF THE 3RD |
|
Erie SeaWolves batting - Pitching for Birmingham Barons : RHP Dave Espinoza
|
|
Batting: RHB Jordan Hall
|
0-0: Called Strike 0-1: Called Strike 0-2: Foul Ball, location: 2F 0-2: Strikes out swinging
|
|
Batting: RHB Brandon O'Malley
|
0-0: SINGLE (Groundball, 6MD, EV 103.1 MPH)
|
|
Batting: RHB Eric Angelle
|
0-0: Ball 1-0: Ball 2-0: Foul Ball, location: 2F 2-1: Foul Ball, location: 2F 2-2: Strikes out swinging
|
|
Batting: RHB John Evancho
|
0-0: Ball Brandon O'Malley steals 2nd base 1-0: Foul Ball, location: 2F 1-1: Reached on error, E3 (Groundball, 34S, EV 63.8 MPH) Brandon O'Malley to third
|
|
Batting: RHB Steve Clark
|
0-0: Called Strike 0-1: Fielders Choice at 2nd, 5-4 (Groundball, 5, EV 80.6 MPH)
|
| Top of the 3rd over - 0 runs, 1 hit, 1 error, 2 left on base; Erie 0 - Birmingham 0 |
| BOTTOM OF THE 3RD |
|
Birmingham Barons batting - Pitching for Erie SeaWolves : LHP Ben Saunders
|
|
Batting: LHB Josh Pittman
|
0-0: Ball 1-0: Ball 2-0: Foul Ball, location: 2F 2-1: Foul Ball, location: 2F 2-2: Ball 3-2: Ground out 6-3 (Groundball, 6M, EV 89.4 MPH)
|
|
Batting: RHB Zach Hulme
|
0-0: Ball 1-0: Ball 2-0: Called Strike 2-1: Ball 3-1: Fly out, F7 (Line Drive, 7S, EV 88.1 MPH)
|
|
Batting: RHB Santos Guadalupe
|
0-0: Ball 1-0: Swinging Strike 1-1: Foul Ball, location: 2F 1-2: SINGLE (Groundball, 56D, EV 99.4 MPH)
|
|
Batting: RHB Jeremy Hoffert
|
0-0: Ball 1-0: Ball 2-0: Called Strike 2-1: Ball 3-1: Foul Ball, location: 2F 3-2: Fly out, F6 (Line Drive, 6, EV 58.1 MPH)
|
| Bottom of the 3rd over - 0 runs, 1 hit, 0 errors, 1 left on base; Erie 0 - Birmingham 0 |
| TOP OF THE 4TH |
|
Erie SeaWolves batting - Pitching for Birmingham Barons : RHP Dave Espinoza
|
|
Batting: RHB Adam MacConnell
|
0-0: Ball 1-0: Foul Ball, location: 2F 1-1: Swinging Strike 1-2: Ball 2-2: Foul Ball, location: 2F 2-2: Ball 3-2: Strikes out swinging
|
|
Batting: RHB Carlos Armenteros
|
0-0: Ground out 5-3 (Groundball, 56S, EV 80.0 MPH)
|
|
Batting: SHB Sean Foley
|
0-0: Ball 1-0: Foul Ball, location: 2F 1-1: Foul Ball, location: 2F 1-2: TRIPLE (Flyball, 9LD, EV 88.8 MPH)
|
|
Batting: RHB Tanner Purchase
|
0-0: Ground out 6-3 (Groundball, 6, EV 85.0 MPH)
|
| Top of the 4th over - 0 runs, 1 hit, 0 errors, 1 left on base; Erie 0 - Birmingham 0 |
| BOTTOM OF THE 4TH |
|
Birmingham Barons batting - Pitching for Erie SeaWolves : LHP Ben Saunders
|
|
Batting: LHB Brandon Hopper
|
0-0: Ground out 4-3 (Groundball, 4M, EV 103.8 MPH)
|
|
Batting: RHB Guillermo Mojica
|
0-0: Ball 1-0: Ball 2-0: Ball 3-0: Called Strike 3-1: Base on Balls
|
|
Batting: LHB Ryan Dyal
|
0-0: Ball 1-0: Called Strike Pickoff Throw to First - Out! 1-3 1-1: Called Strike 1-2: Ball 2-2: Foul Ball, location: 2F 2-2: Ground out U3 (Groundball, 34, EV 87.5 MPH)
|
| Bottom of the 4th over - 0 runs, 0 hits, 0 errors, 0 left on base; Erie 0 - Birmingham 0 |
| TOP OF THE 5TH |
|
Erie SeaWolves batting - Pitching for Birmingham Barons : RHP Dave Espinoza
|
|
Batting: RHB Jordan Hall
|
0-0: Ball 1-0: Ball 2-0: Called Strike 2-1: Ball 3-1: Base on Balls
|
|
Batting: RHB Brandon O'Malley
|
0-0: Ball 1-0: Ground out 5-3 (Groundball, 56, EV 86.9 MPH) Jordan Hall to second
|
|
Batting: RHB Eric Angelle
|
0-0: TRIPLE (Flyball, 89XD, EV 86.2 MPH) Jordan Hall scores
|
|
Batting: RHB John Evancho
|
0-0: Ball 1-0: Ground out 4-3 (Groundball, 4, EV 84.4 MPH) Eric Angelle scores
|
|
Batting: RHB Steve Clark
|
0-0: Ball 1-0: Foul Ball, location: 2F 1-1: Ball 2-1: Called Strike 2-2: Foul Ball, location: 2F 2-2: Ground out 5-3 (Groundball, 5L, EV 82.5 MPH)
|
| Top of the 5th over - 2 runs, 1 hit, 0 errors, 0 left on base; Erie 2 - Birmingham 0 |
| BOTTOM OF THE 5TH |
|
Birmingham Barons batting - Pitching for Erie SeaWolves : LHP Ben Saunders
|
|
Batting: LHB Carlos Ramirez
|
0-0: Ground out 6-3 (Groundball, 4M, EV 104.4 MPH)
|
|
Batting: RHB Toichiro Fujimoto
|
0-0: Foul Ball, location: 2F 0-1: SINGLE (Groundball, 34D, EV 103.8 MPH)
|
|
Batting: LHB Josh Pittman
|
0-0: Ball 1-0: Called Strike 1-1: Foul Ball, location: 2F 1-2: Ball 2-2: Fly out, F6 (Popup, 6M, EV 51.9 MPH)
|
|
Batting: RHB Zach Hulme
|
0-0: Foul Ball, location: 2F 0-1: SINGLE (Groundball, 56D, EV 107.5 MPH) Toichiro Fujimoto to second
|
|
Batting: RHB Santos Guadalupe
|
0-0: Ball 1-0: Swinging Strike 1-1: Ball 2-1: Ball 3-1: SINGLE (Groundball, 34S, EV 71.2 MPH) (infield hit) Toichiro Fujimoto to third Zach Hulme to second
|
|
Batting: RHB Jeremy Hoffert
|
0-0: Called Strike 0-1: Called Strike 0-2: Ball 1-2: Ball 2-2: Strikes out swinging
|
| Bottom of the 5th over - 0 runs, 3 hits, 0 errors, 3 left on base; Erie 2 - Birmingham 0 |
| TOP OF THE 6TH |
|
Erie SeaWolves batting - Pitching for Birmingham Barons : RHP Dave Espinoza
|
|
Batting: RHB Adam MacConnell
|
0-0: Called Strike 0-1: Called Strike 0-2: Ball 1-2: Ball 2-2: Ball 3-2: Foul Ball, location: 2F 3-2: Foul Ball, location: 2F 3-2: Hit by Pitch
|
|
Batting: RHB Carlos Armenteros
|
0-0: Called Strike 0-1: SINGLE (Groundball, 34D, EV 101.2 MPH) Adam MacConnell to second Runner from 2nd tries for 3rd, SAFE, throw by RF made to third
|
|
Batting: SHB Sean Foley
|
Pickoff Throw to First - Error! E1 Adam MacConnell scores Carlos Armenteros to second 0-0: Called Strike 0-1: Ball 1-1: Called Strike 1-2: Strikes out swinging
|
|
Batting: RHB Tanner Purchase
|
0-0: Called Strike 0-1: Ball 1-1: Ball 2-1: Ball 3-1: Fly out, F8 (Flyball, 89M, EV 91.9 MPH) Runner from 2nd tags up, SAFE at 3rd with throw by CF
|
|
Pitching: RHP Mario Zarate
|
|
|
Batting: RHB Jordan Hall
|
0-0: Ball 1-0: Swinging Strike 1-1: Ball 2-1: Called Strike 2-2: Foul Ball, location: 2F 2-2: Ball 3-2: SINGLE (Line Drive, 6M, EV 99.4 MPH) Carlos Armenteros scores
|
|
Batting: RHB Brandon O'Malley
|
0-0: Foul Ball, location: 2F 0-1: Ball 1-1: SINGLE (Line Drive, 8LS, EV 106.2 MPH) Jordan Hall to second
|
|
Batting: RHB Eric Angelle
|
0-0: Ball 1-0: Ball 2-0: Ball 3-0: Called Strike 3-1: Foul Ball, location: 2F 3-2: Strikes out swinging
|
| Top of the 6th over - 2 runs, 3 hits, 1 error, 2 left on base; Erie 4 - Birmingham 0 |
| BOTTOM OF THE 6TH |
|
Birmingham Barons batting - Pitching for Erie SeaWolves : LHP Ben Saunders
|
|
Batting: LHB Brandon Hopper
|
0-0: SINGLE (Line Drive, 7S, EV 111.2 MPH)
|
|
Batting: RHB Guillermo Mojica
|
0-0: Foul Ball, location: 2F 0-1: Ball 1-1: Ball 2-1: Ball 3-1: Reached on error, E4 (Groundball, 34, EV 86.2 MPH) Brandon Hopper to second
|
|
Batting: LHB Ryan Dyal
|
0-0: Ball 1-0: Ball 2-0: Ball 3-0: Called Strike 3-1: Base on Balls Brandon Hopper to third Guillermo Mojica to second
|
|
Batting: LHB Carlos Ramirez
|
0-0: Ball 1-0: Fielders Choice at 2nd, 3-6 (Groundball, 3, EV 103.1 MPH) Brandon Hopper scores Guillermo Mojica to third
|
|
Batting: RHB Toichiro Fujimoto
|
0-0: Called Strike 0-1: Grounds into double play, 6-4-3 (Groundball, 6MD, EV 101.2 MPH)
|
| Bottom of the 6th over - 1 run, 1 hit, 1 error, 1 left on base; Erie 4 - Birmingham 1 |
| TOP OF THE 7TH |
|
Erie SeaWolves batting - Pitching for Birmingham Barons : RHP Mario Zarate
|
|
Pitching: RHP Jose Vigil
|
|
|
Batting: RHB John Evancho
|
0-0: Called Strike 0-1: Foul Ball, location: 2F 0-2: Ball 1-2: Ball 2-2: Foul Ball, location: 2F 2-2: Ground out 3-1 (Groundball, 34, EV 84.4 MPH)
|
|
Batting: RHB Steve Clark
|
0-0: Called Strike 0-1: Foul Ball, location: 2F 0-2: Ball 1-2: Ground out 1-3 (Groundball, 34S, EV 71.2 MPH)
|
|
Batting: RHB Adam MacConnell
|
0-0: Ball 1-0: Fly out, F7 (Flyball, 7, EV 93.8 MPH)
|
| Top of the 7th over - 0 runs, 0 hits, 0 errors, 0 left on base; Erie 4 - Birmingham 1 |
| BOTTOM OF THE 7TH |
|
Birmingham Barons batting - Pitching for Erie SeaWolves : LHP Ben Saunders
|
|
Batting: LHB Josh Pittman
|
0-0: Ball 1-0: Called Strike 1-1: Swinging Strike 1-2: Foul Ball, location: 2F 1-2: Ground out 5-3 (Groundball, 5S, EV 80.0 MPH)
|
|
Pitching: LHP Valentin Ciubotariu
|
|
|
Batting: RHB Zach Hulme
|
0-0: Ball 1-0: Ball 2-0: Foul Ball, location: 2F 2-1: Foul Ball, location: 2F 2-2: SINGLE (Groundball, 4S, EV 67.5 MPH) (infield hit)
|
|
Batting: RHB Santos Guadalupe
|
0-0: Called Strike Zach Hulme is caught stealing 2nd base 2-4 0-1: Foul Ball, location: 2F 0-2: Foul Ball, location: 2F 0-2: Ball 1-2: Ball 2-2: Ground out 5-3 (Groundball, 56S, EV 72.5 MPH)
|
| Bottom of the 7th over - 0 runs, 1 hit, 0 errors, 0 left on base; Erie 4 - Birmingham 1 |
| TOP OF THE 8TH |
|
Erie SeaWolves batting - Pitching for Birmingham Barons : RHP Jose Vigil
|
|
Batting: RHB Carlos Armenteros
|
0-0: Called Strike 0-1: Ball 1-1: Swinging Strike 1-2: Strikes out swinging
|
|
Batting: SHB Sean Foley
|
0-0: Ball 1-0: Ground out 2-3 (Groundball, 15S, EV 71.2 MPH)
|
|
Batting: RHB Tanner Purchase
|
0-0: SINGLE (Line Drive, 56D, EV 94.4 MPH)
|
|
Batting: RHB Jordan Hall
|
0-0: Called Strike Tanner Purchase steals 2nd base (no throw) 0-1: Ball 1-1: Foul Ball, location: 2F 1-2: Ball 2-2: Strikes out swinging
|
| Top of the 8th over - 0 runs, 1 hit, 0 errors, 1 left on base; Erie 4 - Birmingham 1 |
| BOTTOM OF THE 8TH |
|
Birmingham Barons batting - Pitching for Erie SeaWolves : LHP Valentin Ciubotariu
|
|
Batting: RHB Jeremy Hoffert
|
0-0: Ground out U3 (Groundball, 34, EV 106.9 MPH)
|
|
Batting: LHB Brandon Hopper
|
0-0: Foul Ball, location: 2F 0-1: Ball 1-1: Ball 2-1: Ball 3-1: Foul Ball, location: 2F 3-2: Strikes out swinging
|
|
Batting: RHB Guillermo Mojica
|
0-0: Ball 1-0: Called Strike 1-1: Ball 2-1: Ball 3-1: Called Strike 3-2: SINGLE (Groundball, 56D, EV 95.0 MPH)
|
|
Batting: LHB Ryan Dyal
|
0-0: Called Strike 0-1: Foul Ball, location: 2F 0-2: Ball 1-2: Fly out, F9 (Flyball, 9D, EV 106.2 MPH)
|
| Bottom of the 8th over - 0 runs, 1 hit, 0 errors, 1 left on base; Erie 4 - Birmingham 1 |
| TOP OF THE 9TH |
|
Erie SeaWolves batting - Pitching for Birmingham Barons : RHP Jose Vigil
|
|
Pitching: RHP Ian Savary
|
|
|
Batting: RHB Brandon O'Malley
|
0-0: Ball 1-0: Ground out 4-3 (Groundball, 34, EV 106.9 MPH)
|
|
Batting: RHB Eric Angelle
|
0-0: Ball 1-0: Ball 2-0: Ground out 5-3 (Groundball, 56S, EV 72.5 MPH)
|
|
Batting: RHB John Evancho
|
0-0: Ball 1-0: Fly out, F7 (Line Drive, 7, EV 104.4 MPH)
|
| Top of the 9th over - 0 runs, 0 hits, 0 errors, 0 left on base; Erie 4 - Birmingham 1 |
| BOTTOM OF THE 9TH |
|
Birmingham Barons batting - Pitching for Erie SeaWolves : LHP Valentin Ciubotariu
|
|
Pitching: RHP Cameron Maxwell
|
|
|
Batting: LHB Carlos Ramirez
|
0-0: Foul Ball, location: 2F 0-1: Foul Ball, location: 2F 0-2: Ball 1-2: Ball 2-2: Ground out U3 (Groundball, 34, EV 78.1 MPH)
|
|
Pinch Hitting: LHB Herkko Haavikko
|
0-0: Ball 1-0: Ball 2-0: Ball 3-0: Called Strike 3-1: Swinging Strike 3-2: Strikes out swinging
|
|
Batting: LHB Josh Pittman
|
0-0: Ball 1-0: Ball 2-0: SINGLE (Groundball, 4D, EV 106.9 MPH)
|
|
Batting: RHB Zach Hulme
|
0-0: Called Strike 0-1: DOUBLE (Line Drive, 9LM, EV 96.9 MPH) Josh Pittman to third
|
|
Batting: RHB Santos Guadalupe
|
0-0: SINGLE (Groundball, 6MD, EV 98.8 MPH) Josh Pittman scores Zach Hulme to third
|
|
Batting: RHB Jeremy Hoffert
|
0-0: Ball 1-0: Ball 2-0: Fielders Choice at 2nd, 6-4 (Groundball, 6, EV 85.0 MPH)
|
| Bottom of the 9th over - 1 run, 3 hits, 0 errors, 2 left on base; Erie 4 - Birmingham 2 |
|